 Dungeon Crawl Stone Soup version 0.17.2-1-ge4368a0 (webtiles) character file.

70 Ladykiller69 the Shield-Bearer (level 4, -2/37 HPs)
             Began as a Formicid Fighter on Sept 8, 2016.
             Slain by an ogre
             ... wielding a +0 giant spiked club
              (18 damage)
             ... on level 3 of the Dungeon.
             The game lasted 00:03:54 (1580 turns).

Ladykiller69 the Shield-Bearer (Formicid Fighter)   Turns: 1580, Time: 00:03:54

Health: -2/37      AC:  6    Str: 21    XL:     4   Next: 44%
Magic:  4/4        EV:  8    Int:  8    God:
Gold:   192        SH:  9    Dex: 10    Spells: 0 memorised, 3 levels left

rFire  . . .     SeeInvis +     a - +0 war axe
rCold  . . .     Clarity  .     b - +0 scale mail
rNeg   . . .     SustAt   .     c - +0 shield
rPois  .         Gourm    .     (helmet unavailable)
rElec  .         Spirit   .     (no cloak)
rCorr  .         Warding  .     (no gloves)
rMut   .         Stasis   +     (no boots)
MR     .....                    (no amulet)
Stlth  ..........               (no ring)
                                (no ring)

@: not resistant to hostile enchantments, extremely unstealthy
A: permanent stasis, dig shafts and tunnels, four strong arms, antennae 3
a: Dig, Shaft Self


You were on level 3 of the Dungeon.
You were not hungry.

You visited 1 branch of the dungeon, and saw 3 of its levels.

You collected 192 gold pieces.

Inventory:

Hand Weapons
 a - a +0 war axe (weapon)
Armour
 b - a +0 scale mail (worn)
 c - a +0 shield (worn)
Jewellery
 o - an uncursed ring of protection from magic {unknown}
 t - an uncursed ring of wizardry {unknown}
Scrolls
 f - 2 scrolls of amnesia {unknown}
 g - 2 scrolls of teleportation {unknown}
 h - a scroll of recharging {unknown}
 j - 6 scrolls of identify {unknown}
 k - 2 scrolls of remove curse {unknown}
 p - a scroll of immolation {unknown}
 q - a scroll of fog {unknown}
 s - a scroll of fear {unknown}
 u - a scroll of blinking {unknown}
Potions
 d - a potion of might
 l - a potion of brilliance {unknown}
 m - a potion of invisibility {unknown}
 n - a potion of mutation {unknown}
 r - a potion of poison {unknown}
Comestibles
 e - 2 bread rations
 i - 2 fruits


   Skills:
 - Level 4.0 Fighting
 + Level 3.0 Axes
 + Level 3.5 Armour
 + Level 4.3 Shields


You had 3 spell levels left.
You didn't know any spells.

Dungeon Overview and Level Annotations

Branches:
Dungeon (3/15)

Altars:
Okawaru


Innate Abilities, Weirdness & Mutations

You are under a permanent stasis effect.
You can dig through walls and to a lower floor.
Your four strong arms can wield two-handed weapons with a shield.
You have a pair of large antennae on your head (SInv).


Message History

You butcher the goblin corpse.
v - a chunk of flesh
Things that are here:
a club x2 a goblin skeleton Eat a chunk of flesh? (ye/n/q/i?) This raw flesh tastes terrible.
You continue eating. x2
The ogre barely misses you.
You sense a monster nearby.
There are monsters nearby!
There are monsters nearby!
You barely miss the ogre.
The ogre hits you with a giant spiked club!!
Ouch! That really hurt!
A hobgoblin comes into view. It is wielding a dagger of venom.
You hit the ogre.
The ogre is lightly wounded.
The ogre hits you with a giant spiked club!!
You die...

#........# .. '# .#
.....##########.##.##.#
######## #...........#
.......# #......g....#
.#####.# #.{.........#
.......# #....{......#
.################..##....
.............ggO...# ##.
.###############@#.##
.#.. ........).....# .#.#
##########.##.# .#.# .
..# ... .#.# .# #.# #.##
.#.# ##.# ### .# ...#
#...# .. #..##..#
#......#


You could see an ogre, a hobgoblin and 2 goblins.

Vanquished Creatures
  3 oozes
  A giant gecko (D:2)
  3 ball pythons (D:1)
  7 bats
  A giant cockroach (D:2)
  10 goblins
  10 hobgoblins
  4 jackals (D:3)
  A giant newt (D:2)
  5 kobolds
  2 quokkas
  4 rats
51 creatures vanquished.

Notes
Turn   | Place    | Note
--------------------------------------------------------------
     0 | D:1      | Ladykiller69 the Formicid Fighter began the quest for the Orb.
     0 | D:1      | Reached XP level 1. HP: 18/18 MP: 1/1
    59 | D:1      | Reached XP level 2. HP: 18/24 MP: 2/2
   273 | D:1      | Reached XP level 3. HP: 26/30 MP: 3/3
   388 | D:1      | Reached skill level 4 in Shields
   646 | D:2      | Found an iron altar of Okawaru.
   811 | D:2      | Reached XP level 4. HP: 29/37 MP: 4/4
  1337 | D:3      | Found a faded altar to an unknown god.
  1548 | D:3      | Noticed an ogre
  1580 | D:3      | Slain by an ogre

Action                   |  1- 3 |  4- 6 || total
-------------------------+-------+-------++-------
Melee: War axe           |    92 |    65 ||   157
 Abil: Dig               |     1 |       ||     1
  Eat: Chunk             |       |     3 ||     3
